 Dungeon Crawl Stone Soup version 0.21.0-3-g78d12a8bdd (webtiles) character file.

111267 MalkierKing the Severer (level 16, 0/235 HPs)
             Began as a Minotaur Berserker on Jan 15, 2018.
             Was the Champion of Trog.
             Slain by a wolf spider (9 damage)
             ... on level 1 of the Spider Nest.
             The game lasted 02:17:13 (28251 turns).

MalkierKing the Severer (Minotaur Berserker)       Turns: 28251, Time: 02:17:13

Health: 0/235      AC: 28    Str: 36    XL:     16   Next: 9%
Magic:  17/17      EV:  2    Int:  0    God:    Trog [******]
Gold:   2097       SH: 19    Dex: 11    Spells: 15/15 levels left

rFire    + . .     SeeInvis .   a - +2 broad axe (freeze)
rCold    . . .     Gourm    .   z - +0 shield
rNeg     + + +     Faith    .   (armour currently unavailable)
rPois    +         Spirit   .   (helmet currently unavailable)
rElec    .         Reflect  +   (cloak currently unavailable)
rCorr    .         Harm     .   (gloves currently unavailable)
MR       ++...     NoTele   +   (boots currently unavailable)
Stlth    +.........             L - +4 amulet of reflection
HPRegen  0.49/turn              y - ring of Apuciar {MR+ Str+6 Slay+2}
MPRegen  0.15/turn              h - ring of Uvoehaum {rPois rF+ Str+3 Int-5}

@: lethally poisoned (0 -> -18), tree-form, slowed, lost intelligence, very slow
A: (retaliatory headbutt)
a: Berserk, Trog's Hand, Brothers in Arms, Burn Spellbooks, Renounce Religion


You were on level 1 of the Spider Nest.
You worshipped Trog.
Trog was exalted by your worship.
You were not hungry.
You were a tree.
You visited 5 branches of the dungeon, and saw 25 of its levels.
You also visited: Labyrinth, Sewer and Ice Cave.

You collected 2688 gold pieces.
You spent 591 gold pieces at shops.

Inventory:

Hand Weapons
 a - a +2 broad axe of freezing (weapon)
 b - the +9 mace of Starshine {pain, +Fly rC+ Int+2}
   (You found it on level 1 of the Lair of Beasts)

   In the hands of one skilled in necromantic magic, it inflicts extra damage on
   living creatures.
   It affects your intelligence (+2).
   It protects you from cold.
   It lets you fly.
 V - a +4 great mace of venom
Armour
 z - a +0 shield (worn)
 A - a +0 pair of boots (melded)
 E - a +2 plate armour of positive energy (melded)
 N - a +0 hat of intelligence (melded)
 W - the +3 pair of gauntlets of War (melded) {Slay+5}
   (You found it in an ice cave)

   It affects your accuracy and damage with ranged weapons and melee attacks
   (+5).
 X - a +2 cloak of poison resistance (melded)
Jewellery
 h - the ring of Uvoehaum (right branch) {rPois rF+ Str+3 Int-5}
   (You bought it in a shop on level 2 of the Orcish Mines)

   [ring of protection from fire]

   It affects your strength (+3).
   It affects your intelligence (-5).
   It protects you from fire.
   It protects you from poison.
 y - the ring of Apuciar (left branch) {MR+ Str+6 Slay+2}
   (You found it on level 6 of the Dungeon)

   [ring of protection from magic]

   It affects your strength (+6).
   It affects your accuracy and damage with ranged weapons and melee attacks
   (+2).
   It affects your resistance to hostile enchantments.
 C - an uncursed amulet of the gourmand
 H - a +5 ring of evasion
 K - an uncursed ring of positive energy
 L - a +4 amulet of reflection (around neck)
 T - an uncursed ring of protection from fire
 U - an uncursed ring of protection from cold
Wands
 f - a wand of acid (32)
 v - a wand of random effects (34)
 F - a wand of iceblast (19)
 G - a wand of enslavement (30)
 I - a wand of flame (79)
 J - a wand of scattershot (5)
 P - a wand of paralysis (7)
 R - a wand of disintegration (23)
 S - a wand of polymorph (66)
 Z - a wand of digging (5)
Scrolls
 d - 10 scrolls of remove curse
 m - 9 scrolls of teleportation
 n - 2 scrolls of enchant weapon
 o - 5 scrolls of immolation
 p - 4 scrolls of fear
 q - 2 scrolls of magic mapping
 t - 12 scrolls of identify
 w - a scroll of blinking
 M - a scroll of fog
 O - a scroll of enchant armour
Potions
 e - 5 potions of brilliance
 g - 2 potions of magic
 i - 7 potions of curing
 k - 6 potions of flight
 l - 2 potions of resistance
 r - 2 potions of haste
 u - 7 potions of agility
 x - 3 potions of might
 B - 7 potions of lignification
 D - 3 potions of cancellation
Miscellaneous
 s - a phantom mirror
Comestibles
 c - 25 rations
 Q - 5 chunks of flesh


   Skills:
 * Level 17.7 Fighting
 - Level 18.4 Axes
 + Level 12.1 Armour
 + Level 9.7 Dodging
 - Level 15.0 Shields
 + Level 3.9 Evocations


You had 15 spell levels left.
You didn't know any spells.

Dungeon Overview and Level Annotations

Branches:
Dungeon (15/15)            Temple (1/1) D:7            Lair (6/6) D:11
 Shoals (0/4) Lair:3       Spider (1/4) Lair:2        Slime (0/5) Lair:5
    Orc (2/2) D:12            Elf (0/3) Orc:2        Vaults (0/5) D:13
 Depths (0/5) D:15

Altars:
Ashenzari
Cheibriados
Dithmenos
Elyvilon
Fedhas
Gozag
Hepliaklqana
Kikubaaqudgha
Makhleb
Nemelex Xobeh
Okawaru
Qazlal
Ru
Sif Muna
Trog
Uskayaw
Vehumet
Wu Jian
Xom
Yredelemnul
Zin
The Shining One
Beogh

Shops:
D:6 [   D:7 %   D:8 (   D:11 [   D:12 }   Orc:2 :?=*?


Innate Abilities, Weirdness & Mutations

((You reflexively headbutt those who attack you in melee.))
((You have a pair of horns on your head.))


Message History

You block the wolf spider's attack. The wolf spider bites you.
* * * LOW HITPOINT WARNING * * *
You are poisoned.
The wolf spider poisons you! The jumping spider pounces on you!
* * * LOW HITPOINT WARNING * * *
The jumping spider bites you but does no damage.
The wolf spider hits you but does no damage.
The wolf spider bites you.
* * * LOW HITPOINT WARNING * * *
You block the redback's attack.
The wolf spider hits you but does no damage.
The wolf spider bites you but does no damage.
The jumping spider leaps!
The wolf spider hits you!
* * * LOW HITPOINT WARNING * * *
The wolf spider bites you but does no damage.
The jumping spider pounces on you.
* * * LOW HITPOINT WARNING * * *
The jumping spider bites you but does no damage.
The wolf spider hits you!
You die...

##....##.##.## #..
#.^....#....#.###.
#......#....#..#..
#######...........##....
#....#..................
##......s....††.......%..
#............†<.......†..
##...§..s................
#......s♣s...............
#.........s...............
#........§................
..........................†
#..........(.........^......
............................
.............s..........
................>.......
.........


You could see 2 wolf spiders, 3 jumping spiders and a redback.

Vanquished Creatures
  Rupert (D:15)
  Gastronok (Lair:3)
  Roxanne (D:14)
  A frost giant (IceCv)
  An orc warlord (Orc:1)
  An entropy weaver (Spider:1)
  A fire dragon (Lair:6)
  A yaktaur captain (D:15)
  A minotaur (Lab)
  Snorg (Lair:4)
  6 hydras
  An ice dragon (Lair:6)
  5 centaur warriors
  A death yak (IceCv)
  6 two-headed ogres
  A queen ant (Lair:2)
  A shadow wraith (D:13)
  2 unseen horrors (D:13)
  A swamp dragon (Lair:6)
  5 skeletal warriors (D:13)
  A deep troll (D:13)
  7 orc knights
  2 lindwurms (Lair:6)
  A manticore (D:15)
  An orc sorcerer (Orc:1)
  2 wolf spiders (Spider:1)
  2 orb spiders (Spider:1)
  An oklob plant (Lair:4)
  16 ugly things
  3 cyclopes
  14 elephants
  5 gargoyles
  Joseph (D:7)
  An ice statue (IceCv)
  2 black mambas (Lair:1)
  13 spiny frogs
  6 torpor snails
  5 rime drakes
  13 komodo dragons
  3 meliai (D:13)
  A queen bee (D:11)
  2 jumping spiders (Spider:1)
  9 trolls
  3 tyrant leeches (Lair:6)
  Prince Ribbit (D:5)
  7 hornets
  4 blink frogs (Lair:6)
  13 polar bears
  6 hippogriffs
  A meliai zombie (D:15)
  73 yaks
  13 redbacks
  A human (D:12)
  A vampire (D:13)
  A wraith (D:13)
  3 basilisks
  5 hungry ghosts
  A steam dragon (D:10)
  11 vampire mosquitoes
  5 wargs
  An acid dragon (Lair:6)
  8 soldier ants (Lair:2)
  Duvessa (D:5)
  13 water moccasins
  3 porcupines
  41 orc warriors
  A hornet zombie (D:9)
  13 ice beasts
  6 sky beasts
  2 swamp drakes (Lair:6)
  6 black bears
  A necrophage (D:14)
  13 ogres
  20 wolves
  14 centaurs
  21 crocodiles
  2 big kobolds (Sewer)
  15 bullfrogs
  A gnoll sergeant (D:7)
  Dowan (D:5)
  A wyvern zombie (D:3)
  A wyvern skeleton (D:14)
  7 scorpions
  20 killer bees
  6 howler monkeys
  2 electric eels
  3 jellies
  4 centaur zombies
  2 bullfrog zombies (D:12)
  5 crimson imps
  A quasit (D:9)
  18 orc priests
  4 hounds
  20 orc wizards
  3 bullfrog skeletons
  8 centaur skeletons
  7 iguanas
  28 worker ants
  2 ogre skeletons (Lab)
  A hound zombie (D:8)
  3 hound skeletons
  3 worker ant zombies
  2 howler monkey skeletons
  16 adders
  9 gnolls
  5 river rats (Sewer)
  3 shadow imps
  2 oozes
  An adder zombie (D:9)
  4 dart slugs
  8 worms
  12 leopard geckos
  123 orcs
  A bat skeleton (D:2)
  12 giant cockroaches
  12 goblins
  8 hobgoblins
  10 jackals
  21 kobolds
  8 quokkas
  7 ball pythons
  3 bats
  14 frilled lizards
  A leopard gecko skeleton (D:4)
  A quokka zombie (D:5)
  26 rats
  15 fungi
  13 plants
968 creatures vanquished.

Vanquished Creatures (others)
  A cyclops (Orc:2)
  A basilisk (Lair:6)
  5 centaurs
  6 fungi
  16 plants
29 creatures vanquished.

Grand Total: 997 creatures vanquished

Notes
Turn   | Place    | Note
-------+----------+-------------------------------------------
     0 | D:1      | MalkierKing the Minotaur Berserker began the quest for the Orb.
     0 | D:1      | Reached XP level 1. HP: 19/19 MP: 0/0
     9 | D:1      | Noticed a centaur
   305 | D:1      | Reached XP level 2. HP: 26/27 MP: 1/1
   306 | D:1      | Reached skill level 4 in Axes
  1103 | D:2      | Reached XP level 3. HP: 33/33 MP: 2/2
  1435 | D:2      | Reached ** piety under Trog
  1540 | D:2      | Found an opulent altar of Gozag.
  1806 | D:2      | Found a glowing golden altar of the Shining One.
  1860 | D:2      | Reached XP level 4. HP: 28/41 MP: 3/3
  2379 | D:3      | Reached skill level 5 in Axes
  2379 | D:3      | Reached XP level 5. HP: 47/47 MP: 4/4
  2385 | D:3      | Reached skill level 5 in Fighting
  3097 | D:3      | Reached *** piety under Trog
  3097 | D:3      | Reached XP level 6. HP: 56/56 MP: 5/5
  3279 | D:4      | Reached skill level 6 in Axes
  3405 | D:4      | Found a glowing silver altar of Zin.
  3460 | D:4      | Noticed an ice beast
  3478 | D:4      | Killed an ice beast
  3478 | D:4      | Reached XP level 7. HP: 32/63 MP: 3/6
  3573 | D:4      | Found a glowing drain.
  3597 | Sewer    | Entered a sewer
  4102 | Sewer    | Reached **** piety under Trog
  4187 | Sewer    | Reached skill level 7 in Axes
  4936 | D:4      | Found a sacrificial altar of Ru.
  4959 | D:4      | Reached skill level 5 in Armour
  5034 | D:4      | Found a sparkling altar of Nemelex Xobeh.
  5150 | D:4      | Noticed a hungry ghost
  5159 | D:4      | Killed a hungry ghost
  5159 | D:4      | Reached XP level 8. HP: 72/73 MP: 5/7
  5550 | D:5      | Entered Level 5 of the Dungeon
  5573 | D:5      | Found a hazy altar of Hepliaklqana.
  5614 | D:5      | Reached skill level 8 in Axes
  5858 | D:4      | Reached skill level 5 in Dodging
  6327 | D:5      | Noticed Prince Ribbit
  6834 | D:5      | Killed Prince Ribbit
  6971 | D:5      | Noticed Duvessa
  6972 | D:5      | Noticed Dowan
  6979 | D:5      | Killed Duvessa
  6979 | D:5      | Reached skill level 9 in Axes
  6979 | D:5      | Reached XP level 9. HP: 76/82 MP: 6/8
  6982 | D:5      | Killed Dowan
  7052 | D:6      | Found a hide-covered altar of Uskayaw.
  7064 | D:6      | Got a pitted brass ring
  7067 | D:6      | Identified the ring of Apuciar {MR+ Str+6 Slay+2} (You found it on level 6 of the Dungeon)
  7311 | D:6      | Found a burning altar of Makhleb.
  7311 | D:6      | Noticed a cacodemon
  7335 | D:6      | Found Peon Vid's Antique Armour Emporium.
  8025 | D:7      | Found a staircase to the Ecumenical Temple.
  8069 | D:7      | Reached ***** piety under Trog
  8154 | D:7      | Reached skill level 10 in Axes
  8154 | D:7      | Reached skill level 1 in Shields
  8162 | D:7      | Reached skill level 10 in Fighting
  8418 | D:7      | Found Doto's Food Shoppe.
  8458 | D:7      | Noticed Joseph
  8486 | D:7      | Killed Joseph
  8552 | D:7      | Found a radiant altar of Vehumet.
  8611 | D:7      | Found a stormy altar of Qazlal.
  8705 | Temple   | Entered the Ecumenical Temple
  9017 | D:8      | Reached XP level 10. HP: 94/94 MP: 9/9
  9076 | D:8      | Found a bloodstained altar of Trog.
  9114 | D:8      | Noticed a two-headed ogre
  9121 | D:8      | Killed a two-headed ogre
  9551 | D:8      | Found an ancient bone altar of Kikubaaqudgha.
  9649 | D:8      | Found Duamip's Antique Weapon Shoppe.
  9652 | D:8      | Bought a runed war axe for 175 gold pieces
  9734 | D:9      | Reached skill level 11 in Axes
  9789 | D:9      | Found a blossoming altar of Fedhas.
 10443 | D:9      | Found a roughly hewn altar of Beogh.
 10525 | D:9      | Found a blossoming altar of Fedhas.
 10525 | D:9      | Found a deep blue altar of Sif Muna.
 10632 | D:9      | Received a gift from Trog
 10688 | D:10     | Entered Level 10 of the Dungeon
 10688 | D:10     | Noticed a two-headed ogre
 10700 | D:10     | Killed a two-headed ogre
 10700 | D:10     | Reached XP level 11. HP: 103/104 MP: 10/10
 10733 | D:10     | Reached skill level 12 in Axes
 10757 | D:10     | Reached skill level 5 in Shields
 11582 | D:10     | Got a steaming spear
 12141 | D:11     | Found a basalt altar of Yredelemnul.
 12180 | D:11     | Found a frozen archway.
 12218 | IceCv    | Entered an ice cave
 12278 | IceCv    | Noticed a death yak
 12302 | IceCv    | Killed a death yak
 12373 | IceCv    | Reached skill level 13 in Axes
 12491 | IceCv    | Reached XP level 12. HP: 115/115 MP: 11/11
 12673 | IceCv    | Noticed a frost giant
 13166 | IceCv    | Reached skill level 10 in Armour
 13195 | IceCv    | Killed a frost giant
 13203 | IceCv    | Found the +3 pair of gauntlets of War {Slay+5}
 13404 | D:11     | Found a staircase to the Lair.
 13447 | D:11     | Noticed a two-headed ogre
 13453 | D:11     | Killed a two-headed ogre
 13492 | D:11     | Reached ****** piety under Trog
 13532 | D:11     | Found Qanoic's Armour Boutique.
 13546 | D:11     | Reached skill level 14 in Axes
 13627 | D:11     | Received a gift from Trog
 13684 | D:11     | Identified the +4 spear "Jiamivukh" {pierce, Str+3 Int+4} (You found it on level 10 of the Dungeon)
 13882 | D:12     | Found a staircase to the Orcish Mines.
 13914 | D:12     | Noticed a two-headed ogre
 13922 | D:12     | Killed a two-headed ogre
 14234 | D:12     | Found Mulemoro's Gadget Shoppe.
 14452 | Lair:1   | Entered Level 1 of the Lair of Beasts
 14460 | Lair:1   | Got a transparent mace
 14464 | Lair:1   | Identified the +9 mace of Starshine {pain, +Fly rC+ Int+2} (You found it on level 1 of the Lair of Beasts)
 14611 | Lair:1   | Reached XP level 13. HP: 125/125 MP: 12/12
 14669 | Lair:1   | Received a gift from Trog
 14680 | Lair:1   | Reached skill level 10 in Shields
 15269 | Lair:2   | Received a gift from Trog
 15706 | Lair:2   | Found a hole to the Spider Nest.
 15931 | Lair:2   | Reached skill level 15 in Axes
 16279 | Lair:2   | Received a gift from Trog
 16463 | Lair:2   | Got a slimy leather armour
 16475 | Lair:2   | Identified the +1 leather armour "Oleipa" {rPois rF+} (You found it on level 2 of the Lair of Beasts)
 16700 | Lair:3   | Found a staircase to the Shoals.
 16740 | Lair:3   | Reached skill level 15 in Fighting
 17232 | Lair:3   | Noticed Gastronok
 17697 | Lair:3   | Killed Gastronok
 18358 | Lair:4   | Noticed Snorg
 18368 | Lair:4   | Killed Snorg
 19336 | Lair:4   | Reached XP level 14. HP: 88/135 MP: 13/13
 19539 | Lair:5   | Found a staircase to the Slime Pits.
 19590 | Lair:5   | Found a labyrinth entrance.
 19599 | Lab      | Entered a labyrinth
 19923 | Lab      | Identified the Papyrus of the Damaging Mountains
 19933 | Lab      | Received a gift from Trog
 21208 | Lair:5   | Reached skill level 16 in Axes
 21321 | Lair:6   | Entered Level 6 of the Lair of Beasts
 21948 | Lair:6   | Received a gift from Trog
 22279 | Lair:6   | Found a runed door.
 23159 | Orc:1    | Entered Level 1 of the Orcish Mines
 23299 | Orc:1    | Found a roughly hewn altar of Beogh.
 23693 | Orc:2    | Entered Level 2 of the Orcish Mines
 23693 | Orc:2    | Noticed an orc warlord
 23701 | Orc:1    | Killed an orc warlord
 23701 | Orc:1    | Reached skill level 15 in Shields
 23907 | Orc:2    | Found a staircase to the Elven Halls.
 24022 | Orc:2    | Found Neisur's Book Emporium.
 24157 | Orc:2    | Reached skill level 17 in Axes
 24189 | Orc:2    | Received a gift from Trog
 24189 | Orc:2    | Reached XP level 15. HP: 123/145 MP: 14/14
 24214 | Orc:2    | Found a roughly hewn altar of Beogh.
 24309 | Orc:2    | Found Gioshe's Assorted Antiques.
 24309 | Orc:2    | Found Nuas's Magic Scroll Boutique.
 24440 | Orc:2    | Found Kosix's Magic Scroll Shoppe.
 24440 | Orc:2    | Found Heyrot's Jewellery Boutique.
 24543 | Orc:2    | Bought the ring of Uvoehaum {rPois rF+ Str+3 Int-5} for 416 gold pieces
 24893 | D:13     | Found a gate to the Vaults.
 24987 | D:13     | Reached skill level 18 in Axes
 25207 | D:13     | Received a gift from Trog
 25900 | D:14     | Reached skill level 1 in Evocations
 26160 | D:14     | Noticed Roxanne
 26259 | D:14     | Killed Roxanne
 26259 | D:14     | Received a gift from Trog
 26260 | D:14     | Identified Roxanne's Volume of Shape Shifting (You took it off Roxanne on level 14 of the Dungeon)
 26609 | D:15     | Entered Level 15 of the Dungeon
 26713 | D:15     | Noticed Rupert
 26719 | D:15     | Killed Rupert
 27924 | D:15     | Found a staircase to the Depths.
 28089 | Spider:1 | Entered Level 1 of the Spider Nest
 28095 | Spider:1 | Reached XP level 16. HP: 155/155 MP: 17/17
 28242 | Spider:1 | Lost intelligence.
 28251 | Spider:1 | HP: 9/235 [jumping spider (6)]
 28251 | Spider:1 | Slain by a wolf spider

Skill      XL: |  1  2  3  4  5  6  7  8  9 10 11 12 13 14 15 |
---------------+----------------------------------------------+-----
Axes           | 4 5 6 7 9 10 11 13 14 15 17 18 | 18.4
Fighting       | 4 5 6 7 8 10 11 13 14 15 16 17 | 17.7
Armour         | 3 4 5 6 7 8 9 10 11 12 | 12.1
Dodging        | 3 4 5 6 7 8 9 |  9.7
Shields        | 2 4 7 9 12 15 | 15.0
Evocations     | 3 |  3.9

Action                   |  1- 3 |  4- 6 |  7- 9 | 10-12 | 13-15 | 16-18 || total
-------------------------+-------+-------+-------+-------+-------+-------++-------
Melee: Hand axe          |    80 |    51 |       |       |       |       ||   131
       Headbutt          |    13 |    22 |    73 |   157 |   294 |    10 ||   569
       Flail             |       |    78 |       |       |       |       ||    78
       Whip              |       |    22 |   257 |       |       |       ||   279
       Mace              |       |       |   142 |    43 |   414 |       ||   599
       War axe           |       |       |       |   445 |       |       ||   445
       Spear             |       |       |       |    81 |       |       ||    81
       Broad axe         |       |       |       |       |   629 |    29 ||   658
Invok: Berserk           |       |     1 |     4 |     1 |     2 |       ||     8
       Burn Spellbooks   |       |     1 |       |     5 |     6 |       ||    12
       Trog's Hand       |       |       |       |     1 |       |       ||     1
  Use: Scroll            |       |       |    10 |    17 |     4 |       ||    31
       Potion            |       |       |     1 |     3 |     2 |     5 ||    11
 Stab: Paralysed         |       |       |     1 |       |       |       ||     1
       Sleeping          |       |       |     1 |       |     1 |       ||     2
       Distracted        |       |       |       |     1 |       |       ||     1
  Eat: Chunk             |     3 |     6 |    18 |    16 |   115 |       ||   158
       Ration            |       |       |     2 |     2 |     2 |       ||     6
Armor: Animal skin       |     6 |       |       |       |       |       ||     6
       Scale mail        |       |    71 |   153 |       |       |       ||   224
       Ring mail         |       |       |     4 |   200 |    36 |       ||   240
       Leather armour    |       |       |       |       |    76 |       ||    76
       Plate armour      |       |       |       |       |    93 |    37 ||   130
       Skin              |       |       |       |       |       |    51 ||    51
Dodge: Dodged            |    39 |   124 |   261 |   221 |   368 |    24 ||  1037
Block: Shield            |       |       |    23 |   434 |   760 |    53 ||  1270
       Reflection        |       |       |       |    25 |    42 |       ||    67
